 Dungeon Crawl Stone Soup version 0.23.2-40-g277498a001 (webtiles) character file.

Game seed: 3572541106538561799

86 Aggronaut the Vexing (level 4, -4/30 HPs)
             Began as a Vampire Enchanter on Oct 3, 2019.
             Slain by a gnoll
             ... wielding a +1 spear of piercing
              (12 damage)
             ... on level 3 of the Dungeon.
             The game lasted 00:04:01 (2072 turns).

Aggronaut the Vexing (Vampire Enchanter)            Turns: 2072, Time: 00:04:01

Health: -4/30      AC:  3    Str:  7    XL:     4   Next: 26%
Magic:  2/7        EV: 13    Int: 17    God:
Gold:   127        SH:  0    Dex: 15    Spells: 1/7 levels left

rFire    . . .     SeeInvis +   a - +1 dagger
rCold    + . .     Gourm    .   (no shield)
rNeg     + + .     Faith    .   b - +0 robe
rPois    +         Spirit   .   (no helmet)
rElec    .         Reflect  .   (no cloak)
rCorr    .         Harm     .   j - +0 pair of gloves
MR       .....                  (no boots)
Stlth    ++++......             (no amulet)
HPRegen  0.05/turn              m - ring of poison resistance
MPRegen  0.10/turn              (no ring)

@: very slightly contaminated, regenerating slowly
A: fangs 3, see invisible, unbreathing
a: Bat Form


You were on level 3 of the Dungeon.
You were very thirsty.

You visited 1 branch of the dungeon, and saw 3 of its levels.

You collected 127 gold pieces.

Inventory:

Hand Weapons
 a - a +1 dagger (weapon)
Armour
 b - a +0 robe (worn)
 j - a +0 pair of gloves (worn)
Jewellery
 m - a ring of poison resistance (left hand)
Scrolls
 c - 2 scrolls of identify {unknown}
 f - a scroll of fog {unknown}
 h - a scroll of noise {unknown}
 i - a scroll of amnesia {unknown}
 k - a scroll of fear {unknown}
 o - a scroll of remove curse {unknown}
 p - a scroll of enchant weapon {unknown}
Potions
 d - 4 potions of blood
 e - a potion of haste {unknown}
 g - a potion of flight {unknown}
 l - a potion of curing {unknown}
 n - a potion of heal wounds {unknown}


   Skills:
 - Level 1.1 Short Blades
 - Level 2.1 Dodging
 + Level 5.7 Stealth
 - Level 2.0 Spellcasting
 * Level 6.6 Hexes


You had one spell level left.
You knew the following spells:

 Your Spells              Type           Power        Failure   Level  Hunger
a - Corona                Hex            ###....      1%          1    #......
b - Ensorcelled Hibernat  Hex/Ice        ##....       8%          2    ###....
c - Confuse               Hex            ###.....     3%          3    ###....

Your spell library contained the following spells:

 Spells                   Type           Power        Failure   Level  Hunger
 Tukima's Dance           Hex            ###.....     3%          3    ###....
 Dazzling Spray           Conj/Hex       ##....       14%         3    ###....


Dungeon Overview and Level Annotations

Branches:
Dungeon (3/15)

Altars:
Vehumet


Innate Abilities, Weirdness & Mutations

You heal slowly.
You have razor-sharp teeth.
You have supernaturally acute eyesight. (SInv)
You can survive without breathing.


Message History

Press: ? - help, Shift-Dir - straight line, f - gnoll
Aim: a gnoll (chance to defeat MR: 52%)
The gnoll resists with significant effort.
The gnoll hits you.
An adder comes into view.
An adder comes into view.
Found a scroll labeled XEZ IGEBESCH.
Casting: Ensorcelled Hibernation (safe; 8% risk of failure)
Confirm with . or Enter, or press ? or * to list all spells.
Aiming: Ensorcelled Hibernation (safe; 8% risk of failure)
Press: ? - help, Shift-Dir - straight line, f/p - gnoll
Aim: a gnoll (chance to defeat MR: 52%)
You miscast Ensorcelled Hibernation.
You are very lightly contaminated with residual magic.
Nothing appears to happen.
The gnoll barely misses you. The adder barely misses you.
You barely miss the adder. The adder barely misses you. The gnoll hits you.
* * * LOW HITPOINT WARNING * * *
The gnoll hits you from afar with a +1 spear of piercing!
You die...

.# ..# ########..#.#
.# #...?.....#.##.#
#..S........... #
#.......#...#.# ..
#..S..........##...
#.# #...@gg.# ......
#.# #.......####..#
... #.............#
#g# ############.##
.g.################.#
#g##.%.÷..##......#g#
#.##.####.##.####.#.#
#!##....#.##.####.#)#
#.......g.†.g..##.#.#


You could see 2 gnolls and 2 adders.

Vanquished Creatures
  Jessica (D:2)
  A gnoll (D:3)
  A worm (D:3)
  A dart slug (D:2)
  3 leopard geckos (D:1)
  2 giant cockroaches
  2 goblins
  9 hobgoblins
  A quokka (D:3)
  8 bats
  2 frilled lizards
  5 kobolds
  6 rats
42 creatures vanquished.

Notes
Turn   | Place    | Note
-------+----------+-------------------------------------------
     0 | D:1      | Aggronaut the Vampire Enchanter began the quest for the
                  | Orb.
     0 | D:1      | Reached XP level 1. HP: 13/13 MP: 3/3
   209 | D:1      | Reached skill level 5 in Hexes
   209 | D:1      | Reached XP level 2. HP: 19/19 MP: 5/5
   420 | D:1      | Reached skill level 5 in Stealth
   936 | D:2      | Reached XP level 3. HP: 24/24 MP: 6/6
   947 | D:2      | Found a radiant altar of Vehumet.
  1122 | D:2      | Noticed Jessica
  1126 | D:2      | Killed Jessica
  1126 | D:2      | Reached skill level 6 in Hexes
  1402 | D:2      | Reached XP level 4. HP: 30/30 MP: 7/7
  1972 | D:3      | Learned a level 2 spell: Ensorcelled Hibernation
  1976 | D:3      | Learned a level 3 spell: Confuse
  2072 | D:3      | Slain by a gnoll

Skill      XL: |  1  2  3 |
---------------+----------+-----
Hexes          | 5 6 |  6.6
Stealth        | 5 |  5.7
Short Blades   | |  1.1
Dodging        | |  2.1
Spellcasting   | |  2.0

Action                   |  1- 3 |  4- 6 || total
-------------------------+-------+-------++-------
Melee: Dagger            |    92 |    31 ||   123
       Bite              |     6 |     2 ||     8
 Cast: Ensorcelled Hiber |       |     3 ||     3
       Corona            |       |     3 ||     3
 Stab: Sleeping          |    15 |     3 ||    18
  Eat: Corpse            |       |     1 ||     1
Armor: Robe              |    22 |     3 ||    25
Dodge: Dodged            |    50 |    13 ||    63
